 Dungeon Crawl Stone Soup version 0.25-a0-632-g7713895373 (webtiles) character file.

Game seed: 11218008383435946560, levelgen mode: deterministic

8852 Eurus the Destroyer (level 11, 0/77 HPs)
             Began as a Mummy Conjurer on Mar 19, 2020.
             Was a Believer of Ashenzari.
             Slain by a spiny frog (6 damage)
             ... on level 2 of the Lair of Beasts.
             The game lasted 00:29:42 (12261 turns).

Eurus the Destroyer (Mummy Conjurer)               Turns: 12261, Time: 00:29:44

Health: 0/77       AC:  6    Str: 16    XL:     11   Next: 15%
Magic:  26/33      EV: 14    Int: 18    God:    Ashenzari [**....]
Gold:   522        SH:  5    Dex: 13    Spells: 22/29 levels left

rFire    x . .     SeeInvis .   q - +0 spear (vorpal)
rCold    + . .     Gourm    .   d - +0 buckler (curse)
rNeg     + + +     Faith    .   a - +0 robe
rPois    ∞         Spirit   .   r - +1 hat
rElec    .         Reflect  .   k - +1 cloak
rCorr    .         Harm     .   (no gloves)
MR       +....                  y - +0 pair of boots
Stlth    ++........             (no amulet)
HPRegen  0.22/turn              o - ring of magical power (curse)
MPRegen  0.23/turn              h - +5 ring of strength

@: no status effects
A: no food or potions, fire vulnerability, cold resistance 1, negative energy
resistance 3, torment resistance, unbreathing
a: Curse Item, Scrying, Renounce Religion


You were on level 2 of the Lair of Beasts.
You worshipped Ashenzari.
Ashenzari was pleased with you.
You were not hungry.

You visited 3 branches of the dungeon, and saw 11 of its levels.
You also visited: Ossuary, Bailey and Gauntlet.

You collected 522 gold pieces.

Inventory:

Hand Weapons
 q - a +0 vorpal spear (weapon)
 v - a +2 short sword of speed
Armour
 a - a +0 robe (worn)
 d - a cursed +0 buckler (worn)
 k - a +1 cloak (worn)
 r - a +1 hat (worn)
 y - a +0 pair of boots (worn)
Jewellery
 h - a +5 ring of strength (right hand)
 o - a cursed ring of magical power (left hand)
Wands
 p - a wand of flame (25)
 s - a wand of acid (11)
 t - a wand of random effects (11)
 u - a wand of enslavement (5)
 w - a wand of digging (5)
Scrolls
 b - 2 scrolls of fear
 c - 7 scrolls of remove curse
 e - 7 scrolls of identify
 f - a scroll of enchant weapon
 g - 2 scrolls of amnesia
 i - 2 scrolls of fog
 j - a scroll of blinking
 l - 2 scrolls of holy word
 m - 3 scrolls of teleportation
 n - a scroll of magic mapping
 x - a scroll of vulnerability {unknown}


   Skills:
 - Level 4.0 Fighting
 - Level 4.1 Dodging
 - Level 1.5 Stealth
 * Level 4.7(6.1) Shields
 + Level 9.7 Spellcasting
 * Level 9.9 Conjurations
 + Level 5.5 Translocations


You had 22 spell levels left.
You knew the following spells:

 Your Spells              Type           Power        Failure   Level  Hunger
a - Magic Dart            Conj           ####         1%          1    N/A
b - Searing Ray           Conj           #####.       1%          2    N/A
c - Iskenderun's Mystic   Conj/Tloc      #####...     3%          4    N/A

Your spell library contained the following spells:

 Spells                   Type           Power        Failure   Level  Hunger
 Blink                    Tloc           N/A          1%          2    N/A
 Conjure Flame            Conj/Fire      ####....     3%          3    N/A
 Dazzling Flash           Conj/Hex       ####..       3%          3    N/A
 Mephitic Cloud           Conj/Pois/Air  ###.....     6%          3    N/A
 Fulminant Prism          Conj/Hex       ####......   11%         4    N/A
 Call Imp                 Summ           #.......     12%         2    N/A
 Slow                     Hex            #.......     12%         2    N/A

Dungeon Overview and Level Annotations

Branches:
Dungeon (8/15)             Temple (1/1) D:4            Lair (2/6) D:8
Ossuary (visited)          Bailey (visited)         Gauntlet (visited)
  Swamp: Lair:2-4    Shoals: Lair:2-4     Snake: Lair:2-4    Spider: Lair:2-4

Altars:
Ashenzari
Cheibriados
Elyvilon
Fedhas
Gozag
Hepliaklqana
Makhleb
Okawaru
Qazlal
Sif Muna
Trog
Uskayaw
Vehumet
Wu Jian
Xom
Zin
The Shining One

Shops:
D:5 (

Annotations:
Lair:1 exclusion: 2 oklob plants


Innate Abilities, Weirdness & Mutations

You do not eat or drink.
Your flesh is vulnerable to fire.
You are immune to poison.
Your flesh is cold resistant. (rC+)
You are immune to negative energy. (rN+++)
You are immune to unholy pain and torment.
You can survive without breathing.


Message History

The spiny frog stings you!!
The searing ray hits the spiny frog!
The spiny frog is severely wounded.
You finish channeling your searing ray.
The spiny frog stings you!!
* * * LOW HITPOINT WARNING * * *
Casting: Searing Ray (safe; 1% risk of failure)
Confirm with . or Enter, or press ? or * to list all spells.
Aiming: Searing Ray (safe; 1% risk of failure)
Press: ? - help, Shift-Dir - straight line, f/p - spiny frog
Aim: a spiny frog (severely wounded)
The searing ray hits the spiny frog!
The spiny frog is almost dead. (Press . to maintain the ray.)
The spiny frog closely misses you.
The searing ray hits the spiny frog.
The spiny frog is almost dead.
The spiny frog stings you!
* * * LOW HITPOINT WARNING * * *
The spiny frog stings you.
You die...

#### ##...........# ,
.#.#### ###...........##
* ,,
......###..#...........#
#.....................##
*
##P#....#..............#
########P###..........#
* ####.......†...##
##........<..#
##..@.......#
##.F........#** ,, ****
* #..#.........., , , ,
,* * *#.#............. ,
, #...#.....###.#... ,
,....#.....#.# ..... ,,
,...........#### .....
.............# , ,
............## , ,


You could see a spiny frog.

Vanquished Creatures
  2 two-headed ogres
  An elephant (D:8)
  Maurice (D:8)
  2 spiny frogs (Lair:1)
  A hippogriff (D:8)
  6 yaks
  3 hogs (D:8)
  A human (D:8)
  A basilisk (D:8)
  2 water moccasins (Lair:1)
  2 porcupines (Lair:2)
  A black bear (D:6)
  3 orc warriors
  3 ogres
  3 sky beasts
  3 centaurs
  4 crocodiles
  4 bullfrogs
  A big kobold (D:8)
  15 scorpions
  4 wights (D:6)
  3 howler monkeys
  2 centaur zombies
  4 crimson imps
  4 hounds
  2 jellies
  5 orc priests
  Crazy Yiuf (D:4)
  Natasha (thrice) (D:2)
  A bullfrog skeleton (D:4)
  2 iguanas
  6 orc wizards
  8 worker ants
  3 mummies (Ossuary)
  9 gnolls
  8 adders
  2 howler monkey skeletons (D:6)
  4 scorpion zombies (Ossuary)
  2 shadow imps
  An ooze (D:2)
  3 worms
  3 dart slugs (D:1)
  4 leopard geckos
  29 orcs
  4 bats
  7 giant cockroaches
  10 goblins
  6 hobgoblins
  3 jackals (D:4)
  3 quokkas
  2 ball pythons
  12 frilled lizards
  A gnoll zombie (Ossuary)
  A goblin zombie (Ossuary)
  A hobgoblin zombie (Ossuary)
  2 jackal skeletons (D:4)
  10 kobolds
  4 kobold zombies (Ossuary)
  A leopard gecko skeleton (D:3)
  3 orc zombies (Ossuary)
  2 quokka skeletons (D:4)
  8 rats
  A fungus (D:4)
253 creatures vanquished.

Vanquished Creatures (others)
  A goblin zombie (Ossuary)
  2 fungi (D:8)
  A plant (Lair:1)
4 creatures vanquished.

Grand Total: 257 creatures vanquished

Notes
Turn   | Place    | Note
-------+----------+-------------------------------------------
     0 | D:1      | Eurus the Mummy Conjurer began the quest for the Orb.
     0 | D:1      | Reached XP level 1. HP: 13/13 MP: 4/4
   329 | D:1      | Reached XP level 2. HP: 13/19 MP: 1/6
   875 | D:1      | Reached XP level 3. HP: 24/24 MP: 5/7
   879 | D:1      | Learned a level 2 spell: Searing Ray
  1094 | D:2      | Found a faded altar of an unknown god.
  1354 | D:2      | Noticed Natasha
  1389 | D:2      | Reached XP level 4. HP: 20/30 MP: 3/9
  1392 | D:2      | Killed Natasha
  1475 | D:2      | Noticed Natasha
  1480 | D:2      | Killed Natasha
  1638 | D:2      | Noticed Natasha
  1645 | D:2      | Killed Natasha
  1645 | D:2      | Reached XP level 5. HP: 27/35 MP: 7/11
  2219 | D:3      | Reached skill level 5 in Conjurations
  2565 | D:3      | Reached skill level 1 in Fighting
  3196 | D:3      | Reached XP level 6. HP: 31/43 MP: 9/13
  3328 | D:4      | Reached skill level 5 in Spellcasting
  3479 | D:4      | Reached XP level 7. HP: 30/51 MP: 5/15
  3552 | D:4      | Learned a level 4 spell: Iskenderun's Mystic Blast
  3631 | D:4      | Found a staircase to the Ecumenical Temple.
  3658 | Temple   | Entered the Ecumenical Temple
  3879 | Temple   | Became a worshipper of Ashenzari the Shackled
  4301 | D:4      | Reached skill level 1 in Translocations
  4306 | D:4      | Found a hazy altar of Hepliaklqana.
  4641 | D:4      | Found a runed translucent door.
  4642 | D:4      | Noticed Crazy Yiuf
  4649 | D:4      | Killed Crazy Yiuf
  4712 | D:5      | Entered Level 5 of the Dungeon
  4797 | D:5      | Found a sand-covered staircase.
  4801 | Ossuary  | Entered an ossuary
  5461 | Ossuary  | Reached XP level 8. HP: 58/58 MP: 13/17
  6452 | D:5      | Found Goguni's Weapon Shop.
  6558 | D:5      | Found a white marble altar of Elyvilon.
  6790 | D:6      | Reached * piety under Ashenzari
  7235 | D:6      | Reached XP level 9. HP: 65/65 MP: 15/19
  7273 | D:6      | Got the whip of Pain and Death {drain, rC+ MR+}
  8389 | D:7      | Found a flagged portal.
  8403 | Bailey   | Entered a bailey
  8856 | D:7      | Noticed a two-headed ogre
  8868 | D:7      | HP: 2/65 [two-headed ogre/+0 giant club (22)]
  8870 | D:7      | Killed a two-headed ogre
  9302 | D:7      | Reached XP level 10. HP: 51/71 MP: 22/22
  9662 | D:8      | Reached skill level 1 in Shields
  9668 | D:8      | Noticed an elephant
 10017 | D:8      | Noticed a two-headed ogre
 10092 | D:8      | Killed an elephant
 10525 | D:8      | Noticed Maurice
 10532 | D:8      | Killed Maurice
 10831 | D:8      | Reached ** piety under Ashenzari
 10890 | D:8      | Killed a two-headed ogre
 10890 | D:8      | Reached skill level 5 in Translocations
 11223 | D:8      | Found a staircase to the Lair.
 11470 | Lair:1   | Entered Level 1 of the Lair of Beasts
 11568 | Lair:1   | Noticed an oklob plant
 11568 | Lair:1   | Noticed an oklob plant
 11642 | Lair:1   | Noticed a spiny frog
 11653 | Lair:1   | Killed a spiny frog
 11709 | Lair:1   | Reached XP level 11. HP: 68/77 MP: 24/24
 11849 | Lair:1   | Found a gate leading to a gauntlet.
 11880 | Gauntlet | Entered a Gauntlet
 11880 | Gauntlet | Found a transporter.
 11880 | Gauntlet | Found a transporter.
 11880 | Gauntlet | Noticed a tengu warrior
 11880 | Gauntlet | Noticed a soul eater
 12261 | Lair:2   | Slain by a spiny frog

Levels and vault maps discovered:
D:1:      eino_arrival_water_cross, layout_basic, nrook_loot_triangle
D:2:      layout_rooms, chequers_ecumenical_altar_simple, serial_park_tiny_1,
          uniq_natasha
D:3:      layout_basic, first_ration, minmay_unequal
D:4:      layout_loops_ring, marbit_many_paths, minmay_temple_entry_arrows,
          minivault_1, uniq_crazy_yiuf_cottage
D:5:      layout_rooms, elyvilon_altar_3, serial_shops,
          nicolae_shop_competitors_out_of_business,
          lightli_ossuary_entry_decrepit_ruins, hex_medium
D:6:      layout_gridville
D:7:      layout_rooms, enter_bailey_2
D:8:      layout_loops_corners, david_lair_generic, grunt_livestock,
          uniq_maurice
Temple:   regret_index_temple_generic_petals
Lair:1:   layout_big_grid, gauntlet_entry_generic, minmay_lair_oklob_chamber,
          lemuel_fruit_tree
Lair:2:   layout_cave_pods, infiniplex_staircase_pool_2, serial_bayou_shore_b

Skill      XL: |  1  2  3  4  5  6  7  8  9 10 |
---------------+-------------------------------+-----
Spellcasting   | 3 4 5 6 7 8 9 |  9.7
Conjurations   | 4 5 6 7 8 9 |  9.9
Fighting       | 1 2 3 4 |  4.0
Translocations | 1 3 4 5 |  5.5
Dodging        | 2 4 |  4.1
Shields        | 4 |  4.7
Stealth        | |  1.5

Action                   |  1- 3 |  4- 6 |  7- 9 | 10-12 || total
-------------------------+-------+-------+-------+-------++-------
Melee: Whip              |    14 |       |       |       ||    14
       Unarmed           |     4 |       |       |       ||     4
       Dagger            |    28 |       |       |       ||    28
       Rapier            |     8 |     7 |       |       ||    15
       Spear             |       |    22 |   123 |     6 ||   151
 Cast: Magic Dart        |    49 |    30 |    76 |    31 ||   186
       Searing Ray       |     3 |    18 |    87 |    53 ||   161
       Iskenderun's Myst |       |       |     1 |     3 ||     4
Invok: Curse Item        |       |       |     1 |       ||     1
  Use: Scroll            |       |       |    13 |       ||    13
 Stab: Sleeping          |       |     1 |       |     1 ||     2
Armor: Robe              |     6 |     7 |    18 |    13 ||    44
Dodge: Dodged            |    43 |    28 |   130 |    54 ||   255
Block: Buckler           |       |       |       |     9 ||     9

Table legend:
 A = Non-vault XP
 B = Vault XP
 C = Vault XP percentage of total XP
 D = Non-vault monster count
 E = Vault monster count
 F = Vault count percentage of total count
                 A         B        C        D         E       F
            +---------+---------+-------+---------+---------+-------
      Total |    9197 |    3450 |  27.3 |     210 |      41 |  16.3
            +---------+---------+-------+---------+---------+-------
        D:1 |      50 |       0 |   0.0 |      29 |       0 |   0.0
        D:2 |     146 |      39 |  21.1 |      21 |       1 |   4.5
        D:3 |     167 |       1 |   0.6 |      24 |       1 |   4.0
        D:4 |     618 |      44 |   6.6 |      25 |       2 |   7.4
        D:5 |     412 |       0 |   0.0 |      14 |       0 |   0.0
        D:6 |    1536 |       0 |   0.0 |      34 |       0 |   0.0
        D:7 |    1799 |       0 |   0.0 |      29 |       0 |   0.0
        D:8 |    2025 |    2471 |  55.0 |      21 |      10 |  32.3
     Lair:1 |    2164 |     103 |   4.5 |      11 |       1 |   8.3
     Lair:2 |     280 |       0 |   0.0 |       2 |       0 |   0.0
    Ossuary |       0 |     680 | 100.0 |       0 |      25 | 100.0
     Bailey |       0 |     112 | 100.0 |       0 |       1 | 100.0
            +---------+---------+-------+---------+---------+-------
